 Dungeon Crawl Stone Soup version 0.23.2-33-g5129a83184 (webtiles) character file.

Game seed: 10427244757387549796

233 redmage the Charmwright (level 6, -2/50 HPs)
             Began as a Gnoll Skald on June 26, 2019.
             Was an Initiate of Cheibriados.
             Slain by an ogre
             ... wielding a +0 giant spiked club
              (23 damage)
             ... on level 4 of the Dungeon.
             The game lasted 00:12:58 (1113 turns).

redmage the Charmwright (Gnoll Skald)               Turns: 1113, Time: 00:12:59

Health: -2/50      AC:  4    Str: 16    XL:     6   Next: 5%
Magic:  11/13      EV: 15    Int: 16    God:    Cheibriados [......]
Gold:   133        SH:  0    Dex: 16    Spells: 7/15 levels left

rFire    . . .     SeeInvis .   a - +0 falchion
rCold    . . .     Gourm    .   (no shield)
rNeg     . . .     Faith    .   b - +0 leather armour
rPois    .         Spirit   .   j - +0 helmet
rElec    .         Reflect  .   (no cloak)
rCorr    .         Harm     .   (no gloves)
MR       .....                  (no boots)
Stlth    ++........             (no amulet)
HPRegen  0.16/turn              (no ring)
MPRegen  0.13/turn              (no ring)

@: singing, very slow
A: distributed training, fangs 1, strong nose
a: Bend Time, Renounce Religion


You were on level 4 of the Dungeon.
You worshipped Cheibriados.
Cheibriados was noncommittal.
You were not hungry.

You visited 2 branches of the dungeon, and saw 7 of its levels.

You collected 133 gold pieces.

Inventory:

Hand Weapons
 a - a +0 falchion (weapon)
Armour
 b - a +0 leather armour (worn)
 j - a +0 helmet (worn)
Wands
 e - a wand of scattershot (8)
Scrolls
 g - a scroll of remove curse
 h - a scroll of magic mapping
 l - a scroll of blinking {unknown}
 o - a scroll of amnesia {unknown}
 p - a scroll of fear {unknown}
Potions
 c - a potion of heal wounds
 f - 4 potions of curing
 i - 2 potions of flight
 k - a potion of cancellation
 m - a potion of invisibility {unknown}
 n - a potion of magic {unknown}
Comestibles
 d - 8 rations


   Skills:
 + Level 4.9 Fighting
 + Level 1.7 Short Blades
 + Level 4.9 Long Blades
 + Level 1.7 Axes
 + Level 1.7 Maces & Flails
 + Level 1.7 Polearms
 + Level 1.7 Staves
 + Level 1.7 Slings
 + Level 1.7 Bows
 + Level 1.7 Crossbows
 + Level 1.7 Throwing
 + Level 3.1 Armour
 + Level 4.9 Dodging
 + Level 1.7 Stealth
 + Level 1.7 Shields
 + Level 1.7 Unarmed Combat
 + Level 5.2 Spellcasting
 + Level 1.3 Conjurations
 + Level 1.3 Hexes
 + Level 5.6 Charms
 + Level 1.3 Summonings
 + Level 1.3 Necromancy
 + Level 1.3 Translocations
 + Level 1.3 Transmutations
 + Level 1.3 Fire Magic
 + Level 1.3 Ice Magic
 + Level 1.3 Air Magic
 + Level 1.3 Earth Magic
 + Level 1.3 Poison Magic
 + Level 1.9 Invocations
 + Level 1.7 Evocations


You had 7 spell levels left.
You knew the following spells:

 Your Spells              Type           Power        Failure   Level  Hunger
a - Infusion              Chrm           ###.         1%          1    None
b - Song of Slaying       Chrm           ###.....     2%          2    #......
c - Shroud of Golubria    Chrm/Tloc      ###.......   6%          2    #......
d - Regeneration          Chrm/Necr      ###.......   13%         3    ###....

Your spell library contained the following spells:

 Spells                   Type           Power        Failure   Level  Hunger
 Spectral Weapon          Hex/Chrm       ###.....     13%         3    ###....


Dungeon Overview and Level Annotations

Branches:
Dungeon (6/15)             Temple (1/1) D:4

Altars:
Cheibriados
Gozag
Kikubaaqudgha
Makhleb
Wu Jian
Yredelemnul

Shops:
D:4 ?   D:5 =

Annotations:
D:6 Dowan, Duvessa


Innate Abilities, Weirdness & Mutations

Your experience applies equally to all skills.
You have very sharp teeth.
Your uncanny sense of smell can sniff out nearby items.


Message History

The bullfrog skeleton barely misses you.
You barely miss the ogre.
The ogre is heavily wounded.
The bullfrog skeleton hits you. The ogre misses you.
The bullfrog skeleton misses you.
You hit the ogre but do no damage.
The ogre is heavily wounded.
The ogre misses you.
The bullfrog skeleton barely misses you.
You closely miss the ogre. You bite the ogre, but do no damage.
The ogre is heavily wounded.
The bullfrog skeleton misses you. The ogre barely misses you.
You hit the ogre but do no damage.
The ogre is heavily wounded.
The bullfrog skeleton misses you.
The bullfrog skeleton barely misses you.
You hit the ogre.
The ogre is heavily wounded.
The ogre hits you with a +0 giant spiked club!!
You die...

....###....#......# #.##
....## #..........##....
#....###..##.....>#.....
......##.................
.......#...##............
.........#####...........
.........### #.)...##....
..#..#.....# ##....# #...
..#..####### #.@..# #..
.....# #.OZ..# .. ..#.##
#......... ..#.#
#........... >....#
#.........## #..#...#
......?#..# ##...#..
##...?.##### ###....
##....# #####


You could see an ogre and a bullfrog skeleton.

Vanquished Creatures
  A bullfrog (D:6)
  A hound (D:4)
  A worker ant (D:4)
  4 gnolls (D:6)
  3 adders
  A shadow imp (D:5)
  An adder skeleton (D:4)
  A leopard gecko (D:4)
  A ball python (D:1)
  2 goblins
  5 hobgoblins
  7 kobolds
  4 quokkas
  2 bats
  2 frilled lizards
  A jackal zombie (D:5)
  A quokka zombie (D:5)
  5 rats
43 creatures vanquished.

Notes
Turn   | Place    | Note
-------+----------+-------------------------------------------
     0 | D:1      | redmage the Gnoll Skald began the quest for the Orb.
     0 | D:1      | Reached XP level 1. HP: 20/20 MP: 6/6
    31 | D:1      | Reached XP level 2. HP: 25/26 MP: 0/7
    36 | D:1      | Learned a level 2 spell: Song of Slaying
    40 | D:1      | Learned a level 2 spell: Shroud of Golubria
   331 | D:1      | Reached XP level 3. HP: 14/31 MP: 9/9
   337 | D:1      | Learned a level 3 spell: Regeneration
   392 | D:2      | Found a burning altar of Makhleb.
   444 | D:3      | Reached skill level 5 in Spellcasting
   536 | D:3      | Noticed an ogre
   545 | D:3      | You fall through a shaft for 3 floors!
   554 | D:6      | Noticed a bullfrog
   562 | D:6      | Killed a bullfrog
   562 | D:6      | Reached skill level 1 in Short Blades
   562 | D:6      | Reached skill level 1 in Axes
   562 | D:6      | Reached skill level 1 in Maces & Flails
   562 | D:6      | Reached skill level 1 in Polearms
   562 | D:6      | Reached skill level 1 in Staves
   562 | D:6      | Reached skill level 1 in Slings
   562 | D:6      | Reached skill level 1 in Bows
   562 | D:6      | Reached skill level 1 in Crossbows
   562 | D:6      | Reached skill level 1 in Throwing
   562 | D:6      | Reached skill level 1 in Stealth
   562 | D:6      | Reached skill level 1 in Shields
   562 | D:6      | Reached skill level 1 in Unarmed Combat
   562 | D:6      | Reached skill level 1 in Conjurations
   562 | D:6      | Reached skill level 1 in Hexes
   562 | D:6      | Reached skill level 1 in Summonings
   562 | D:6      | Reached skill level 1 in Necromancy
   562 | D:6      | Reached skill level 1 in Translocations
   562 | D:6      | Reached skill level 1 in Transmutations
   562 | D:6      | Reached skill level 1 in Fire Magic
   562 | D:6      | Reached skill level 1 in Ice Magic
   562 | D:6      | Reached skill level 1 in Air Magic
   562 | D:6      | Reached skill level 1 in Earth Magic
   562 | D:6      | Reached skill level 1 in Poison Magic
   562 | D:6      | Reached skill level 1 in Invocations
   562 | D:6      | Reached skill level 1 in Evocations
   562 | D:6      | Reached XP level 4. HP: 38/38 MP: 3/11
   577 | D:6      | Reached XP level 5. HP: 16/43 MP: 0/12
   651 | D:6      | Noticed Duvessa
   651 | D:6      | Noticed Dowan
   678 | D:5      | Entered Level 5 of the Dungeon
   684 | D:5      | Noticed an ice beast
   735 | D:4      | Found Viygupn's Magic Scroll Emporium.
   743 | D:5      | Found an opulent altar of Gozag.
   806 | D:5      | Found Cyhohajiu's Jewellery Emporium.
   895 | D:4      | Found a staircase to the Ecumenical Temple.
   904 | Temple   | Entered the Ecumenical Temple
   936 | Temple   | Became a worshipper of Cheibriados the Contemplative
   981 | D:4      | Reached XP level 6. HP: 47/50 MP: 6/13
  1058 | D:4      | Noticed a phantom
  1113 | D:4      | Slain by an ogre

Skill      XL: |  1  2  3  4  5 |
---------------+----------------+-----
Spellcasting   | 5 |  5.2
Short Blades   | 1 |  1.7
Axes           | 1 |  1.7
Maces & Flails | 1 |  1.7
Polearms       | 1 |  1.7
Staves         | 1 |  1.7
Slings         | 1 |  1.7
Bows           | 1 |  1.7
Crossbows      | 1 |  1.7
Throwing       | 1 |  1.7
Stealth        | 1 |  1.7
Shields        | 1 |  1.7
Unarmed Combat | 1 |  1.7
Conjurations   | 1 |  1.3
Hexes          | 1 |  1.3
Summonings     | 1 |  1.3
Necromancy     | 1 |  1.3
Translocations | 1 |  1.3
Transmutations | 1 |  1.3
Fire Magic     | 1 |  1.3
Ice Magic      | 1 |  1.3
Air Magic      | 1 |  1.3
Earth Magic    | 1 |  1.3
Poison Magic   | 1 |  1.3
Invocations    | 1 |  1.9
Evocations     | 1 |  1.7
Armour         | 3 |  3.1
Fighting       | |  4.9
Long Blades    | |  4.9
Dodging        | |  4.9
Charms         | |  5.6

Action                   |  1- 3 |  4- 6 || total
-------------------------+-------+-------++-------
Melee: Falchion          |    81 |    74 ||   155
       Bite              |     6 |    10 ||    16
 Cast: Infusion          |     3 |     3 ||     6
       Shroud of Golubri |     5 |     3 ||     8
       Regeneration      |     1 |     4 ||     5
       Song of Slaying   |       |     1 ||     1
  Use: Scroll            |     4 |     3 ||     7
       Potion            |       |     1 ||     1
 Stab: Sleeping          |     1 |     1 ||     2
  Eat: Ration            |       |     1 ||     1
Armor: Leather armour    |    24 |    12 ||    36
Dodge: Dodged            |    74 |    54 ||   128
       Rpst.: Falchion   |    23 |    21 ||    44
